 Dungeon Crawl Stone Soup version 0.28.0-53-g5a82cb258f (webtiles) character file.

Game seed: 13243308441977327734

107567 Peloso the Fencer (level 16, 0/154 HPs)
             Began as a Minotaur Fighter on July 16, 2022.
             Was a High Priest of Okawaru.
             Killed from afar by a deep elf knight (12 damage)
             ... with a shard of ice
             ... on level 1 of the Elven Halls.
             The game lasted 01:03:21 (24184 turns).

Peloso the Fencer (Minotaur Fighter)               Turns: 24184, Time: 01:03:22

Health: 0/154      AC: 29    Str: 29    XL:     16   Next: 0%
Magic:  17/17      EV: 13    Int:  7    God:    Okawaru [*****.]
Gold:   2305       SH: 10    Dex: 17    Spells: 15/15 levels left

rFire   . . .      SeeInvis .   a - +2 double sword (elec)
rCold   . . .      Faith    .   c - +2 buckler {AC+3}
rNeg    . . .      Spirit   .   s - +3 chain mail "Jefejet" {Drain Regen+ Str+4}
rPois   +          Reflect  .   v - +0 hat {Will+}
rElec   .          Harm     .   (no cloak)
rCorr   .          Rampage  .   E - +2 pair of gloves of a Labyrinth {Will+ Int+2 Dex+3}
Will    +++..                   e - +1 pair of boots
Stlth   ..........              (no amulet)
HPRegen 1.15/turn               j - ring of poison resistance
MPRegen 0.15/turn               l - +4 ring of protection

@: no status effects
A: horns 2, retaliatory headbutt
a: Renounce Religion, Heroism, Finesse, Duel


You were on level 1 of the Elven Halls.
You worshipped Okawaru.
Okawaru was extremely pleased with you.
You visited 5 branches of the dungeon, and saw 25 of its levels.
You also visited: Gauntlet.

You collected 2853 gold pieces.
You spent 548 gold pieces at shops.

Inventory:

Hand Weapons
 a - a +2 double sword of electrocution (weapon)
 b - a +1 trident of flaming
Armour
 c - a +2 buckler of protection (worn)
 e - a +1 pair of boots (worn)
 o - the +1 hat of Ashenzari's Whim {Regen+}
   (You found it in a Gauntlet)

   Regen:     It increases your rate of health regeneration.
 s - the +3 chain mail "Jefejet" (worn) {Drain Regen+ Str+4}
   (You found it on level 4 of the Dungeon)

   Str:       It affects your strength (+4).
   Regen:     It increases your rate of health regeneration.
   Drain:     It drains your maximum health when unequipped.
 v - a +0 hat of willpower (worn)
 E - the +2 pair of gloves of a Labyrinth (worn) {Will+ Int+2 Dex+3}
   (You bought it in a shop on level 7 of the Dungeon)

   Int:       It affects your intelligence (+2).
   Dex:       It affects your dexterity (+3).
   Will:      It increases your willpower.
 Z - a +1 pair of gloves of infusion
Jewellery
 j - a ring of poison resistance (left hand)
 k - the dreamshard necklace {*Dream Drain}
   (You found it in a Gauntlet)

   [amulet of nothing]

   It shatters if its wearer takes lethal or near-lethal damage, preventing the
   blow and releasing protective dreams that heal and fight for the wearer.
   Drain:     It drains your maximum health when unequipped.
 l - a +4 ring of protection (right hand)
 y - a ring of positive energy
 M - a ring of ice
 R - a ring of willpower
Wands
 w - a wand of iceblast (18)
 A - a wand of paralysis (8)
 B - a wand of mindburst (26)
 C - a wand of acid (14)
 H - a wand of digging (15)
 I - a wand of polymorph (6)
 X - a wand of flame (6)
Scrolls
 i - 4 scrolls of immolation
 m - 8 scrolls of fear
 r - 2 scrolls of silence
 u - 8 scrolls of teleportation
 x - 3 scrolls of fog
 D - 2 scrolls of blinking
 F - 2 scrolls of brand weapon
 L - 3 scrolls of enchant armour
 P - 6 scrolls of identify
 Q - a scroll of acquirement
 S - 2 scrolls of magic mapping
 U - 2 scrolls of amnesia
 Y - a scroll of noise
Potions
 d - 4 potions of might
 f - 6 potions of curing
 g - 4 potions of mutation
 h - 2 potions of invisibility
 n - 2 potions of magic
 p - 5 potions of haste
 q - 2 potions of brilliance
 t - 2 potions of flight
 z - 6 potions of heal wounds
 J - 2 potions of berserk rage
 N - 2 potions of ambrosia
 T - a potion of resistance
 W - a potion of cancellation
Miscellaneous
 G - a piece from Xom's chessboard (15/15)
 O - a tin of tremorstones (2/2)


   Skills:
 + Level 16.8 Fighting
 + Level 18.8 Long Blades
 + Level 4.2 Polearms
 + Level 15.3 Armour
 + Level 8.1 Dodging
 + Level 2.9 Stealth
 + Level 15.5 Shields
 + Level 3.1 Invocations
 + Level 1.9 Evocations


You had 15 spell levels left.
You didn't know any spells.
Your spell library contained the following spells:

 Spells                   Type           Power      Damage    Failure   Level
 Beastly Appendage        Tmut           0%         N/A       87%         1
 Foxfire                  Conj/Fire      0%         2x1d4     87%         1
 Sting                    Tmut/Pois      0%         1d3       87%         1
 Poisonous Vapours        Pois/Air       0%         N/A       95%         2
 Wereblood                Tmut           0%         N/A       95%         2
 Conjure Flame            Conj/Fire      0%         6-21      99%         3
 Dazzling Flash           Conj/Hex       0%         N/A       99%         3
 Gell's Gravitas          Tloc           0%         N/A       99%         3
 Ignite Poison            Fire/Tmut/Pois 0%         N/A       99%         3
 Inner Flame              Hex/Fire       0%         N/A       99%         3
 Spider Form              Tmut/Pois      0%         N/A       99%         3
 Stone Arrow              Conj/Erth      0%         3d7       99%         3
 Teleport Other           Tloc           0%         N/A       99%         3
 Anguish                  Hex/Necr       0%         N/A       100%        4
 Flame Wave               Conj/Fire      0%         2d4       100%        4
 Iskenderun's Mystic Bla  Conj/Tloc      0%         2d3       100%        4
 Olgreb's Toxic Radiance  Pois           0%         N/A       100%        4
 Sticky Flame             Conj/Fire      0%         2d3       100%        4
 Fireball                 Conj/Fire      0%         3d3       100%        5
 Iskenderun's Battlesphe  Conj           0%         2d6       100%        5
 Conjure Ball Lightning   Conj/Air       0%         3x3d6     100%        6
 Dispersal                Tloc           0%         N/A       100%        6
 Starburst                Conj/Fire      0%         6d3       100%        6
 Enfeeble                 Hex            0%         N/A       100%        7
 Orb of Destruction       Conj           0%         9d5       100%        7
 Disjunction              Tloc           0%         N/A       100%        8
 Lehudib's Crystal Spear  Conj/Erth      0%         10d2      100%        8
 Summon Small Mammal      Summ           Unusable   N/A       N/A         1
 Call Canine Familiar     Summ           Unusable   N/A       N/A         3
 Summon Guardian Golem    Hex/Summ       Unusable   N/A       N/A         3
 Tukima's Dance           Hex            Unusable   N/A       N/A         3
 Animate Armour           Summ/Erth      Unusable   N/A       N/A         4
 Spellforged Servitor     Conj/Summ      Unusable   N/A       N/A         7

Dungeon Overview and Level Annotations

Branches:
Dungeon (15/15)            Temple (1/1) D:7            Lair (6/6) D:10
 Shoals (0/4) Lair:2        Snake (0/4) Lair:2        Slime (0/5) Lair:5
    Orc (2/2) D:10            Elf (1/3) Orc:2        Vaults (0/5) D:14
 Depths (0/4) D:15        Gauntlet (visited)

Altars:
Ashenzari
Cheibriados
Dithmenos
Elyvilon
Fedhas
Gozag
Hepliaklqana
Kikubaaqudgha
Makhleb
Nemelex Xobeh
Okawaru
Qazlal
Ru
Sif Muna
Trog
Uskayaw
Vehumet
Wu Jian
Xom
Yredelemnul
Zin
The Shining One
Beogh
Jiyva

Shops:
D:5 *   D:7 [   D:11 [   Orc:2 *[:(

Annotations:
D:1 1 runed translucent door
D:5 2 transporters
D:10 Flight
Lair:4 3 runed translucent doors, waddelsworth's ghost, journeyman GrEE
Lair:5 1 runed translucent door


Innate Abilities, Weirdness & Mutations

You have a pair of horns on your head.
You reflexively headbutt those who attack you in melee.


Message History

Okawaru accepts your kill.
The deep elf archer shoots an arrow.
The arrow hits you but does no damage.
You have reached level 16!
You feel agile.
You slash the water elemental!
The water elemental is moderately damaged.
The water elemental closely misses you. You furiously retaliate!
You headbutt the water elemental!
Unknown command.
You slash the water elemental!
Your headbutt misses the water elemental.
The water elemental is severely damaged.
The deep elf archer shoots an arrow.
The arrow hits you.
Unknown command.
You slash the water elemental! You headbutt the water elemental.
You destroy the water elemental!
Okawaru accepts your kill.
The deep elf zephyrmancer points at you and mumbles some strange words.
The bolt of lightning hits you!! The bolt of lightning hits you!!!
The deep elf archer shoots an arrow.
The arrow hits you. Something hits you but does no damage.
The deep elf zephyrmancer hits you but does no damage.
Something hits you.
The deep elf archer shoots an arrow.
The arrow hits you but does no damage.
Things that are here:
a +0 short sword; an elf corpse You miss something.
You headbutt something! Something hits you!!
* * * LOW HITPOINT WARNING * * *
The deep elf zephyrmancer points at you and mumbles some strange words.
The bolt of lightning hits you!!
* * * LOW HITPOINT WARNING * * *
Unknown command.
You slash the deep elf zephyrmancer!
The deep elf zephyrmancer is lightly wounded.
The deep elf archer shoots an arrow.
The arrow hits you.
* * * LOW HITPOINT WARNING * * *
You hear some strange, mumbled words.
A shard of ice appears from out of thin air!
The shard of ice hits you!
You die...

..#....#...#.....#.#
..#....#...#.###.#.#
..#....#...#.###.#.#
..##..##...#.....e.#
..#........#####.###
<.#......⌠.# #.#
..#........#####.#####
#############........#
#.##@###.# #.....e{.#
#.#...#..# ......>...
#.#.. ##.## #.##. .#
#... .. #### ##


You could see a deep elf archer (repels missiles) and a deep elf zephyrmancer.

Vanquished Creatures
  Rupert (D:13)
  Gastronok (Lair:2)
  Agnes (D:14)
  A stone giant (Orc:2)
  Nessos (Lair:4)
  A minotaur (Gauntlet)
  Snorg (Orc:2)
  3 ettins
  3 fire dragons
  A yaktaur captain (D:14)
  3 boulder beetles
  14 hydras
  5 centaur warriors
  4 catoblepae
  2 death knights
  3 tengu warriors
  9 death yaks (Lair:6)
  2 two-headed ogres
  Urug (Lair:6)
  An orc high priest (Elf:1)
  A deep elf knight (Elf:1)
  Sonja (D:11)
  Nergalle (Lair:1)
  2 skeletal warriors
  A fire crab (Gauntlet)
  A necromancer (D:9)
  2 wizards
  A phantasmal warrior (D:13)
  A harpy (shapeshifter) (D:15)
  5 deep elf pyromancers
  A shining eye (shapeshifter) (D:13)
  7 ugly things
  4 orc sorcerers
  5 manticores
  15 cyclopes
  2 merfolk sirens (Lair:2)
  5 black mambas
  20 elephants
  An ice statue (Gauntlet)
  A gargoyle (D:11)
  A torpor snail (Lair:6)
  9 cane toads
  9 komodo dragons
  3 rime drakes
  2 yaktaurs (D:14)
  2 tengu conjurers
  4 freezing wraiths
  A kobold demonologist (D:11)
  A queen bee (Lair:3)
  2 merfolk (Lair:2)
  8 slime creatures
  Prince Ribbit (Lair:2)
  A tyrant leech (Gauntlet)
  4 dream sheep (Lair:5)
  An air elemental (Elf:1)
  24 blink frogs
  4 flying skulls (D:9)
  A water elemental (Elf:1)
  3 shadows (D:9)
  8 wraiths
  4 vampires
  4 wyverns
  5 fire bats (Gauntlet)
  48 yaks
  6 basilisks
  3 steam dragons
  3 nagas (Lair:2)
  2 wargs
  3 swamp worms (Gauntlet)
  3 acid dragons
  2 hell hounds (Gauntlet)
  17 water moccasins
  10 orc warriors
  3 ice beasts
  2 sky beasts
  2 black bears
  A hornet zombie (D:8)
  5 necrophages
  16 centaurs
  5 ogres
  15 wolves
  3 kobold brigands
  A scorpion (D:4)
  13 bullfrogs
  2 gnoll sergeants (D:12)
  2 water moccasin zombies
  A wyvern skeleton (D:9)
  8 wights
  18 killer bees
  4 electric eels
  A howler monkey (D:12)
  11 centaur zombies
  2 hounds
  10 orc priests
  6 centaur skeletons
  A jelly (D:8)
  Jessica (D:2)
  A scorpion zombie (D:5)
  3 iguanas
  15 orc wizards
  2 killer bee zombies
  2 howler monkey zombies
  Robin (D:2)
  9 gnolls (D:12)
  5 adders
  2 howler monkey skeletons (D:9)
  A shadow imp (D:8)
  3 adder skeletons (D:4)
  3 worms (D:2)
  2 dart slugs
  73 orcs
  8 ball pythons
  5 endoplasms
  2 giant cockroaches (D:1)
  13 goblins
  13 hobgoblins
  20 kobolds
  4 quokkas
  6 bats
  6 frilled lizards
  A quokka skeleton (D:4)
  2 rats (D:1)
  A bush (Lair:2)
670 creatures vanquished.

Vanquished Creatures (others)
  Psyche (D:11)
  2 slime creatures (D:12)
  An orc (Orc:1)
  A bush (Lair:2)
  31 fungi
  50 plants
86 creatures vanquished.

Grand Total: 756 creatures vanquished

Notes
Turn   | Place    | Note
-------+----------+-------------------------------------------
     0 | D:1      | Peloso the Minotaur Fighter began the quest for the Orb.
     0 | D:1      | Reached XP level 1. HP: 19/19 MP: 0/0
     1 | D:1      | Found a runed translucent door.
   108 | D:1      | Found a faded altar of an unknown god.
   210 | D:1      | Reached XP level 2. HP: 27/27 MP: 1/1
   293 | D:1      | You fall into a shaft and drop 1 floor!
   365 | D:2      | Reached XP level 3. HP: 24/33 MP: 2/2
   457 | D:2      | Noticed Robin
   490 | D:2      | Reached skill level 3 in Long Blades
   791 | D:2      | Killed Robin
  1135 | D:2      | Reached XP level 4. HP: 38/40 MP: 3/3
  1422 | D:2      | Noticed Jessica
  1427 | D:2      | Killed Jessica
  2738 | D:3      | Reached XP level 5. HP: 40/47 MP: 4/4
  2742 | D:3      | Reached skill level 5 in Armour
  3378 | D:3      | Identified the +1 ring mail "Yrerph" {+Inv}
  3399 | D:4      | Noticed a necrophage
  3409 | D:4      | Killed a necrophage
  3410 | D:4      | Reached skill level 4 in Long Blades
  3410 | D:4      | Reached skill level 1 in Dodging
  3495 | D:4      | Reached XP level 6. HP: 50/53 MP: 5/5
  3498 | D:4      | Identified the +3 chain mail "Jefejet" {Drain Regen+ Str+4}
  3601 | D:4      | Found an ancient bone altar of Kikubaaqudgha.
  3616 | D:4      | Found a blossoming altar of Fedhas.
  4033 | D:4      | Reached skill level 5 in Long Blades
  4033 | D:4      | Reached skill level 5 in Shields
  4220 | D:5      | Entered Level 5 of the Dungeon
  4245 | D:5      | Reached XP level 7. HP: 60/60 MP: 6/6
  4271 | D:5      | Found Lumn's General Store.
  4282 | D:5      | Reached skill level 5 in Fighting
  4282 | D:5      | Reached skill level 6 in Long Blades
  4305 | D:5      | Bought a scroll of identify for 24 gold pieces
  4350 | D:5      | Reached skill level 7 in Long Blades
  4371 | D:5      | Noticed a yak
  4394 | D:5      | Noticed a yak
  4404 | D:5      | Noticed a yak
  4410 | D:5      | Killed a yak
  4411 | D:5      | Reached XP level 8. HP: 38/69 MP: 7/7
  4428 | D:5      | Reached skill level 8 in Long Blades
  4523 | D:5      | Found a transporter.
  4537 | D:5      | Found a transporter.
  4999 | D:6      | Reached skill level 9 in Long Blades
  5016 | D:6      | Reached XP level 9. HP: 70/78 MP: 8/8
  5229 | D:6      | Reached skill level 10 in Long Blades
  5229 | D:6      | Reached skill level 1 in Stealth
  5636 | D:7      | Found Xiesm's Armour Boutique.
  5723 | D:7      | Found a burning altar of Makhleb.
  5979 | D:7      | Noticed a two-headed ogre
  5998 | D:7      | Killed a two-headed ogre
  6074 | D:7      | Found a glowing golden altar of the Shining One.
  6075 | D:7      | Found a white marble altar of Elyvilon.
  6077 | D:7      | Found a glowing silver altar of Zin.
  6119 | D:7      | Found a shadowy altar of Dithmenos.
  6184 | D:7      | Found a staircase to the Ecumenical Temple.
  6191 | Temple   | Entered the Ecumenical Temple
  6258 | Temple   | Became a worshipper of Warmaster Okawaru
  6480 | D:7      | Reached skill level 1 in Evocations
  6589 | D:7      | Found a hazy altar of Hepliaklqana.
  6825 | D:8      | Reached XP level 10. HP: 72/86 MP: 9/9
  7219 | D:8      | Reached skill level 11 in Long Blades
  7827 | D:9      | Reached * piety under Okawaru
  7993 | D:9      | Noticed a skeletal warrior
  7996 | D:9      | Noticed a necromancer
  8021 | D:9      | Reached skill level 10 in Armour
  8032 | D:9      | Killed a necromancer
  8032 | D:9      | Reached ** piety under Okawaru
  8033 | D:9      | Reached skill level 12 in Long Blades
  8038 | D:9      | Killed a skeletal warrior
  8092 | D:9      | Reached XP level 11. HP: 61/95 MP: 10/10
  8774 | D:5      | Bought a scroll of teleportation for 36 gold pieces
  9044 | D:10     | Entered Level 10 of the Dungeon
  9059 | D:10     | Found a staircase to the Lair.
  9136 | D:10     | Reached *** piety under Okawaru
  9223 | D:10     | Found a stormy altar of Qazlal.
  9254 | D:10     | Found a staircase to the Orcish Mines.
  9261 | D:10     | Reached skill level 1 in Invocations
  9464 | D:7      | Bought the +2 pair of gloves of a Labyrinth {Will+ Int+2
                  | Dex+3} for 488 gold pieces
  9946 | D:10     | Reached skill level 13 in Long Blades
 10272 | D:11     | Noticed a boulder beetle
 10319 | D:11     | HP: 3/97 [centaur warrior zombie (8)]
 10557 | Lair:1   | Entered Level 1 of the Lair of Beasts
 10829 | Lair:1   | Reached **** piety under Okawaru
 10838 | Lair:1   | Reached skill level 10 in Fighting
 10968 | Lair:1   | Reached skill level 5 in Dodging
 11108 | Lair:1   | Noticed a seven-headed hydra
 11121 | Lair:1   | Killed a seven-headed hydra
 11122 | Lair:1   | Reached skill level 14 in Long Blades
 11122 | Lair:1   | Reached skill level 10 in Shields
 11122 | Lair:1   | Reached XP level 12. HP: 49/107 MP: 8/11
 11185 | Lair:1   | Noticed a five-headed hydra
 11186 | Lair:1   | Noticed Nergalle
 11194 | Lair:1   | Killed a five-headed hydra
 11194 | Lair:1   | Reached ***** piety under Okawaru
 11241 | Lair:1   | Killed Nergalle
 11517 | Lair:2   | Found a staircase to the Shoals.
 11521 | Lair:2   | Noticed Prince Ribbit
 11540 | Lair:2   | Reached skill level 1 in Polearms
 11598 | Lair:2   | Found a gate leading to a gauntlet.
 11607 | Gauntlet | Entered a Gauntlet
 11607 | Gauntlet | Found a transporter.
 11607 | Gauntlet | Found a transporter.
 11609 | Gauntlet | Found a transporter.
 11609 | Gauntlet | Found a transporter.
 11612 | Gauntlet | Found a transporter.
 11655 | Gauntlet | Found a transporter.
 11658 | Gauntlet | Found a transporter.
 11658 | Gauntlet | Found a transporter.
 11658 | Gauntlet | Found the dreamshard necklace {*Dream Drain}
 11673 | Gauntlet | Found a transporter.
 11689 | Gauntlet | Found a transporter.
 11710 | Gauntlet | Noticed a green death
 11713 | Gauntlet | Found a transporter.
 11730 | Gauntlet | Found a transporter.
 11841 | Gauntlet | Found a transporter.
 11843 | Gauntlet | Found a runed translucent door.
 11851 | Gauntlet | Found a runed translucent door.
 11853 | Gauntlet | Noticed a catoblepas
 11855 | Gauntlet | Found a transporter.
 12032 | Gauntlet | Noticed a two-headed ogre
 12298 | Gauntlet | Identified a scroll of acquirement
 12299 | Gauntlet | Acquired a +2 double sword of electrocution
 12507 | Gauntlet | Identified the +1 hat of Ashenzari's Whim {Regen+}
 12563 | Gauntlet | Identified the +4 chain mail "Gailuamn" {Rampage MP+9
                  | Str-5}
 12563 | Gauntlet | Noticed a minotaur
 12575 | Gauntlet | Killed a minotaur
 12680 | Lair:2   | Noticed Gastronok
 12721 | Lair:2   | Killed Gastronok
 12722 | Lair:2   | Reached skill level 15 in Long Blades
 12762 | Lair:2   | Found a staircase to the Snake Pit.
 12778 | Lair:2   | Received a gift from Okawaru
 12933 | Lair:2   | Killed Prince Ribbit
 13670 | Lair:3   | Reached XP level 13. HP: 116/116 MP: 13/13
 13802 | Lair:3   | Identified the +5 great sword of a Billion Tables {drain,
                  | Will+ MP+9} (Okawaru gifted it to you on level 3 of the
                  | Lair of Beasts)
 13802 | Lair:3   | Received a gift from Okawaru
 13970 | Lair:3   | Reached skill level 16 in Long Blades
 14144 | Lair:3   | Noticed a fire dragon
 14173 | Lair:3   | Killed a fire dragon
 14221 | Lair:3   | Identified the +1 robe of Pessimism {Int+3}
 14640 | Lair:4   | Found a runed translucent gate.
 14640 | Lair:4   | Found a runed translucent gate.
 14731 | Lair:4   | Found a runed translucent gate.
 14732 | Lair:4   | Noticed waddelsworth's ghost (journeyman GrEE)
 14753 | Lair:4   | Noticed Nessos
 14790 | Lair:4   | Killed Nessos
 14910 | Lair:4   | Identified the +3 robe of the Onion {Harm rF+ Str+6 Dex-5}
                  | (Okawaru gifted it to you on level 4 of the Lair of Beasts)
 14910 | Lair:4   | Received a gift from Okawaru
 15738 | D:11     | Found Menew's Armour Shop.
 16061 | D:11     | Noticed Sonja
 16063 | D:11     | Killed Sonja
 16219 | D:11     | Noticed Psyche
 16223 | D:11     | Killed Psyche
 16634 | D:12     | Reached ****** piety under Okawaru
 16790 | D:12     | Identified the +12 trident "Tamolut" {freeze, Str+6}
 17260 | Orc:1    | Entered Level 1 of the Orcish Mines
 17871 | Lair:5   | Reached XP level 14. HP: 115/129 MP: 14/14
 17880 | Lair:5   | Found a runed translucent door.
 17881 | Lair:5   | Found a viscous altar of Jiyva.
 17881 | Lair:5   | Noticed an azure jelly
 17903 | Lair:5   | Found a staircase to the Slime Pits.
 17951 | Lair:5   | Identified the +1 crystal plate armour of the Gate {-Tele
                  | rF+ Will+++ Str+2} (Okawaru gifted it to you on level 5 of
                  | the Lair of Beasts)
 17951 | Lair:5   | Received a gift from Okawaru
 18145 | Lair:5   | Reached skill level 17 in Long Blades
 18439 | Lair:6   | Entered Level 6 of the Lair of Beasts
 18625 | Lair:6   | Noticed Urug
 18662 | Lair:6   | Killed Urug
 18850 | Lair:6   | Identified the +5 great sword of Pain and Death {pain, rF+
                  | Int+3 Dex-2}
 19094 | Lair:6   | Received a gift from Okawaru
 19094 | Lair:6   | Found the +8 orange crystal plate armour {Archmagi, Int+3
                  | Clar}
 19133 | Lair:6   | Reached skill level 15 in Fighting
 19860 | Orc:2    | Entered Level 2 of the Orcish Mines
 19866 | Orc:2    | Found Ygau's Book Shoppe.
 19959 | Orc:2    | Found Zymih's Antique Weapon Boutique.
 19974 | Orc:2    | Reached XP level 15. HP: 138/141 MP: 14/16
 20108 | Orc:2    | Found Bottitir's Antique Armour Emporium.
 20218 | Orc:2    | Found a staircase to the Elven Halls.
 20314 | Orc:2    | Found Peucipn's General Store.
 20355 | Orc:2    | Noticed Snorg
 20361 | Orc:2    | Killed Snorg
 20662 | D:13     | Received a gift from Okawaru
 20663 | D:13     | Reached skill level 18 in Long Blades
 20694 | D:13     | Noticed Rupert
 20710 | D:13     | Killed Rupert
 22625 | D:14     | Reached skill level 15 in Shields
 22636 | D:14     | Reached skill level 15 in Armour
 22638 | D:14     | Noticed Agnes
 22657 | D:14     | Killed Agnes
 22671 | D:14     | Found a gate to the Vaults.
 23033 | D:15     | Entered Level 15 of the Dungeon
 23151 | D:15     | Found a staircase to the Depths.
 23364 | D:15     | Identified the +0 pair of gloves of Springtime {rPois rC-
                  | Will+ Str+3} (Okawaru gifted it to you on level 15 of the
                  | Dungeon)
 23364 | D:15     | Received a gift from Okawaru
 24039 | Elf:1    | Entered Level 1 of the Elven Halls
 24059 | Elf:1    | Paralysed by an air elemental for 1 turns
 24066 | Elf:1    | Paralysed by an air elemental for 1 turns
 24179 | Elf:1    | Reached XP level 16. HP: 131/154 MP: 17/17
 24184 | Elf:1    | Killed from afar by a deep elf knight

Illustrated notes

Levels and vault maps discovered:
D:1:      dpeg_arrival_caged_fury, layout_basic,
          dreamdust_ecumenical_altar_grove
D:2:      layout_basic, grunt_decor_cap, minmay_pentomino_w4, uniq_robin,
          uniq_jessica
D:3:      layout_basic, minmay_vboxes
D:4:      layout_loops_ring, kiku_gazebo_pond_becter,
          mainiacjoe_overflow_small_starburst
D:5:      gammafunk_wand_slinger, layout_basic, serial_shops,
          nicolae_shop_competitors_out_of_business
D:6:      layout_rooms, kennysheep_small_circle
D:7:      layout_basic, good_gods_temple_1, kennysheep_little_box,
          nicolae_dithmenos_the_darkroom, mainiacjoe_overflow_tiny_flanked,
          minmay_temple_entry_proselytizer, nrook_mini_backslash,
          nicolae_inconvenience_store
D:8:      layout_basic
D:9:      hangedman_screamer, layout_rooms, nzn_life_drinkers
D:10:     layout_basic, mainiacjoe_overflow_six_doors_small,
          david_lair_shrubbed, david_orc_3
D:11:     layout_basic, serial_shops, nicolae_shop_hallway_plus, nrook_campfire,
          uniq_psyche, uniq_sonja
D:12:     layout_rooms
D:13:     layout_roguey [special_room_orc], minmay_microvault, uniq_rupert
D:14:     layout_basic, david_vaults_2, nicolae_concentric_dashed_squares_wild,
          uniq_agnes
D:15:     grunt_enter_depths_hoard, layout_cave_pools,
          ebering_dispersal_statue_hall, minmay_tree_intersection,
          hangedman_decor_opposing, minmay_misc_feat_x
Temple:   dshaligram_water_room_temple
Lair:1:   layout_roguey, grunt_forest_small_clearing_treed, grunt_megastairs_5,
          uniq_nergalle
Lair:2:   layout_loops_ring, elwin_shoals_entry_stream,
          guppyfry_snake_entry_garden, gauntlet_entry_generic, st_stairs_3,
          wad_woods_06, lemuel_fruit_fields, uniq_prince_ribbit2, uniq_gastronok
Lair:3:   dragon1_lemuel, layout_cave_shapes, special_room [special_room_bee],
          grunt_megastairs_1
Lair:4:   layout_small_grid, gammafunk_ghost_hydra_chop, st_stairs_11,
          uniq_nessos
Lair:5:   layout_cave_shapes, slime_altar_2, serial_bayou_shore_a,
          lemuel_fruit_tree, grunt_megastairs_4
Lair:6:   evilmike_catoblepas_cave, layout_regular_city,
          infiniplex_staircase_pool_2, grunt_megastairs_2, uniq_urug
Orc:1:    layout_caves, basic_altar
Orc:2:    grunt_orc_gardens, layout_caves, grunt_orc_garden, grunt_orc_garden,
          grunt_orc_garden, grunt_orc_garden, uniq_snorg
Elf:1:    nicolae_elf_arrival_no_cutting_in_line, layout_loops_corners,
          gammafunk_ghost_ooze, minivault_28

Skill      XL: |  1  2  3  4  5  6  7  8  9 10 11 12 13 14 15 |
---------------+----------------------------------------------+-----
Shields        | 4 5 6 7 8 10 11 12 14 15 | 15.5
Armour         | 4 5 6 7 9 10 12 13 14 15 | 15.3
Fighting       | 4 5 6 7 8 10 11 13 15 16 | 16.8
Long Blades    | 3 4 5 7 9 10 12 14 15 16 17 18 | 18.8
Dodging        | 1 2 3 4 5 6 7 8 |  8.1
Stealth        | 1 2 |  2.9
Evocations     | 1 |  1.9
Invocations    | 1 2 3 |  3.1
Polearms       | 1 3 4 |  4.2

Action                   |  1- 3 |  4- 6 |  7- 9 | 10-12 | 13-15 | 16-18 || total
-------------------------+-------+-------+-------+-------+-------+-------++-------
Melee: Long sword        |    89 |   130 |   303 |   636 |       |       ||  1158
       Headbutt          |    13 |    20 |    66 |   226 |   273 |     2 ||   600
       Trident           |       |       |       |    10 |    71 |       ||    81
       Double sword      |       |       |       |   177 |  1028 |     5 ||  1210
Invok: Heroism           |       |       |       |    25 |    18 |       ||    43
       Finesse           |       |       |       |     1 |       |       ||     1
Evoke: Wand              |       |       |     2 |     6 |     4 |       ||    12
  Use: Potion            |       |       |       |     3 |     1 |       ||     4
       Scroll            |       |       |       |    26 |     5 |       ||    31
 Stab: Paralysed         |       |       |       |       |     3 |       ||     3
Armor: Scale mail        |    49 |    35 |       |       |       |       ||    84
       Chain mail        |       |    30 |   188 |   377 |   820 |     3 ||  1418
Dodge: Dodged            |    58 |    59 |    97 |   313 |   714 |     1 ||  1242
Block: Buckler           |    18 |    38 |    67 |   209 |   554 |       ||   886
